 Dungeon Crawl Stone Soup version 0.28.0-62-gf88900778d (webtiles) character file.

Game seed: 11489324724454856004

18585 infinitevox the Protected (level 12, -19/92 HPs)
             Began as a Demonspawn Wanderer on Apr 15, 2023.
             Was the Champion of Jiyva.
             Demolished by a polar bear simulacrum (28 damage)
             ... on level 2 of the Lair of Beasts.
             The game lasted 00:49:23 (10320 turns).

infinitevox the Protected (Demonspawn Wanderer)    Turns: 10320, Time: 00:49:24

Health: -19/92     AC: 18    Str: 13    XL:     12   Next: 29%
Magic:  22/22      EV: 15    Int: 20    God:    Jiyva [******]
Gold:   221        SH:  7    Dex: 15    Spells: 12/13 levels left

rFire   + + .      SeeInvis +   u - +1 scimitar (flame)
rCold   x . .      Faith    .   c - +0 kite shield
rNeg    . . .      Spirit   .   o - +0 fire dragon scales
rPois   +          Reflect  .   (helmet unavailable)
rElec   +          Harm     .   p - +1 cloak
rCorr   +          Rampage  .   a - +0 pair of gloves
Will    .....                   (no boots)
Stlth   +.........              k - amulet of the acrobat
HPRegen 1.85/turn               i - ring of magical power
MPRegen 0.68/turn               f - ring of poison resistance

@: no status effects
A: hooves 2, powered by death 2, sturdy frame 2, antennae 3, fangs 3, agile 1,
clever 1, electricity resistance, gelatinous body 3, tendrils
a: Renounce Religion, Oozemancy, Slimify


You were on level 2 of the Lair of Beasts.
You worshipped Jiyva.
Jiyva was exalted by your worship.
You visited 2 branches of the dungeon, and saw 12 of its levels.
You also visited: Ossuary and Volcano.

You collected 476 gold pieces.
You spent 255 gold pieces at shops.

Inventory:

Hand Weapons
 d - the +3 dagger "Cookie Cutter" {drain, rElec rPois Stlth-}
   (You found it on level 10 of the Dungeon)

   A truly terrible weapon, it drains the life of any living foe it strikes.
   rElec:     It insulates you from electricity.
   rPois:     It protects you from poison.
   Stlth:     It makes you less stealthy.
 u - a +1 scimitar of flaming (weapon)
 w - a +3 quick blade of flaming
Armour
 a - a +0 pair of gloves (worn)
 c - a +0 kite shield (worn)
 o - +0 fire dragon scales (worn)
 p - a +1 cloak (worn)
Jewellery
 f - a ring of poison resistance (right hand)
 i - a ring of magical power (left hand)
 k - an amulet of the acrobat (around neck)
Wands
 s - a wand of charming (6)
 y - a wand of flame (5)
Scrolls
 e - 2 scrolls of immolation
 g - a scroll of teleportation
 h - a scroll of silence
Potions
 j - a potion of curing
 q - a potion of magic
 t - 2 potions of brilliance
 v - a potion of invisibility
 z - a potion of cancellation
Miscellaneous
 b - a piece from Xom's chessboard (15/15)


   Skills:
 - Level 8.0 Fighting
 + Level 9.6 Long Blades
 - Level 1.7 Polearms
 - Level 0.9 Slings
 - Level 10.5 Armour
 + Level 8.6 Dodging
 + Level 0.1 Shields
 - Level 1.0 Spellcasting
 - Level 3.0 Conjurations
 - Level 4.0 Air Magic
 - Level 4.0 Evocations


You had 12 spell levels left.
You knew the following spells:

 Your Spells              Type           Power      Damage    Failure   Level
a - Shock                 Conj/Air       60%        1d6       26%         1

Your spell library contained the following spells:

 Spells                   Type           Power      Damage    Failure   Level
 Magic Dart               Conj           52%        1d5       32%         1
 Corpse Rot               Necr/Air       18%        N/A       58%         2
 Poisonous Vapours        Pois/Air       18%        N/A       58%         2
 Slow                     Hex            4%         N/A       75%         1
 Mephitic Cloud           Conj/Pois/Air  10%        N/A       80%         3
 Call Imp                 Summ           1%         N/A       86%         2
 Confusing Touch          Hex            1%         N/A       98%         3
 Tukima's Dance           Hex            1%         N/A       98%         3
 Vampiric Draining        Necr           1%         2d6       98%         3
 Passage of Golubria      Tloc           1%         N/A       100%        4
 Yara's Violent Unravell  Hex/Tmut       0%         3d3       100%        5


Dungeon Overview and Level Annotations

Branches:
Dungeon (10/15)            Temple (0/1) D:5            Lair (2/6) D:9
  Snake (0/4) Lair:2      Ossuary (visited)         Volcano (visited)
  Swamp: Lair:2-4    Shoals: Lair:2-4       Orc: D:9-12

Altars:
Cheibriados
Elyvilon
Hepliaklqana
Kikubaaqudgha
Makhleb
Nemelex Xobeh
Okawaru
Sif Muna
Trog
Vehumet
Wu Jian
Yredelemnul
Zin
Jiyva

Shops:
D:10 !


Innate Abilities, Weirdness & Mutations

You have hoof-like feet.
You regenerate health from kills.
Your movements are less encumbered by armour. (ER -4)
You have a pair of large antennae on your head. (SInv)
You have razor-sharp teeth.
You are agile. (Dex +2)
Your mind is acute. (Int +2)
You are resistant to electric shocks. (rElec)
Your gelatinous body deflects attacks. (AC +3, EV +3)
You are covered in slimy tendrils that may disarm your opponents.


Message History

You block the yak simulacrum's attack.
You hit the necromancer. You drain the necromancer.
The necromancer is heavily wounded.
The polar bear simulacrum bites you but does no damage.
The polar bear simulacrum claws you. The polar bear simulacrum freezes you!!
You feel a terrible chill!
The polar bear simulacrum claws you but does no damage.
The necromancer misses you.
Your +1 scimitar of flaming bursts into flame!
u - a +1 scimitar of flaming (weapon)
The yak simulacrum gores you but does no damage.
You closely miss the necromancer. You kick the necromancer.
The necromancer is severely wounded.
The necromancer hits you but does no damage.
The polar bear simulacrum closely misses you.
You block the polar bear simulacrum's attack. x2
The yak simulacrum closely misses you.
You hit the necromancer. You burn the necromancer. You kick the necromancer.
You bite the necromancer.
The necromancer is almost dead.
The necromancer points at you and mumbles some strange words.
Your body is wracked with pain!
* * * LOW HITPOINT WARNING * * *
The polar bear simulacrum closely misses you. x3
You slash the necromancer! You burn the necromancer.
You kill the necromancer!
The yak simulacrum gores you.
* * * LOW HITPOINT WARNING * * *
The yak simulacrum freezes you!!
You feel a terrible chill!
* * * LOW HITPOINT WARNING * * *
You block the polar bear simulacrum's attack.
The polar bear simulacrum barely misses you.
The polar bear simulacrum closely misses you.
Your life force feels restored.
Okay, then.
You feel better. You block the yak simulacrum's attack.
The polar bear simulacrum bites you!
* * * LOW HITPOINT WARNING * * *
The polar bear simulacrum freezes you!!
You feel a terrible chill!
You die...

##### # {{{#..( #.
{{{+..### ##P.
{{{#....#
....#####....#
........#ZZ..#
....P⌠..'@[..#...
........######...
....................
..........##..P##..#
..........#........#
..........#.....#..##
.#....#.............#
#..............#..P
..........P.....#..##


You could see a yak simulacrum and a polar bear simulacrum.

Vanquished Creatures
  3 hydras
  A necromancer (Lair:2)
  A torpor snail (Lair:2)
  2 molten gargoyles (Volcano)
  2 cane toads
  A rime drake (Lair:2)
  3 komodo dragons
  A troll (D:10)
  A polar bear (Lair:2)
  Grinder (D:5)
  3 blink frogs (D:9)
  A meliai zombie (D:10)
  5 wyverns
  A shadow (D:9)
  28 yaks
  A vampire (D:9)
  Eustachio (D:6)
  2 basilisks (Lair:2)
  2 steam dragons (Volcano)
  Edmund (D:5)
  4 nagas (Lair:2)
  A hell hound (Volcano)
  5 water moccasins
  A sky beast (D:7)
  2 orc warriors (D:9)
  2 black bears
  4 ogres
  6 wolves
  A phantom (D:4)
  A centaur (D:5)
  A kobold brigand (D:10)
  An elf zombie (Ossuary)
  4 bullfrogs
  2 scorpions
  A gnoll sergeant (D:8)
  A wyvern zombie (D:8)
  6 wights
  3 electric eels (Lair:2)
  A howler monkey (D:9)
  2 lava snakes (Volcano)
  2 centaur zombies
  Crazy Yiuf (D:6)
  5 orc priests
  2 bullfrog skeletons
  A gnoll shaman (D:6)
  An iguana (D:5)
  2 human zombies (Ossuary)
  5 orc wizards
  A hound zombie (D:5)
  A hound skeleton (D:4)
  2 mummies (Ossuary)
  A howler monkey zombie (D:7)
  7 adders
  12 gnolls
  2 adder zombies (Ossuary)
  2 worms
  An adder skeleton (D:4)
  3 dart slugs
  20 orcs
  8 ball pythons
  6 endoplasms (D:1)
  A giant cockroach (D:3)
  3 hobgoblins
  13 kobolds
  5 quokkas
  A bat (D:3)
  7 frilled lizards
  A goblin zombie (Ossuary)
  7 hobgoblin zombies (Ossuary)
  A jackal zombie (Ossuary)
  14 kobold zombies (Ossuary)
  6 orc zombies (Ossuary)
  8 rats
  2 rat zombies (Ossuary)
264 creatures vanquished.

Vanquished Creatures (collateral kills)
  A fire dragon (Volcano)
  A two-headed ogre (D:9)
  A hell hog (Volcano)
  A fire bat (Volcano)
  A yak (D:9)
  A steam dragon (Volcano)
  A wight (D:7)
  3 gnolls (D:7)
10 creatures vanquished.

Vanquished Creatures (others)
  Erica (Lair:1)
  A komodo dragon (D:9)
  A yak (D:10)
  Sigmund (D:5)
  A wyvern (D:9)
  Menkaure (D:6)
  A sky beast (D:8)
  A necrophage (D:7)
  An ogre (D:4)
  A wolf (Lair:1)
  A phantom (D:5)
  A bullfrog (Lair:1)
  29 jellies
  A wight (D:7)
  A hound (D:5)
  An orc priest (D:5)
  An iguana (D:5)
  3 orc wizards
  A gnoll (D:8)
  An adder (D:5)
  A white imp (D:8)
  An ufetubus (D:5)
  2 worms (D:8)
  10 orcs
  A ball python (D:4)
  An endoplasm (D:3)
  A giant cockroach (D:2)
  A goblin (D:3)
  A quokka (D:2)
  A bat (D:2)
  A frilled lizard (D:2)
  4 kobolds
  6 rats
  17 fungi
  27 plants
  4 toadstools (D:9)
129 creatures vanquished.

Grand Total: 403 creatures vanquished

Notes
Turn   | Place    | Note
-------+----------+-------------------------------------------
     0 | D:1      | infinitevox the Demonspawn Wanderer began the quest for the
                  | Orb.
     0 | D:1      | infinitevox set off with the following items: a +2 spear, a
                  | piece from Xom's chessboard (15/15), a +0 robe; and the
                  | following spell memorised: Shock; and the following spells
                  | available to memorise: Mephitic Cloud
     0 | D:1      | Reached XP level 1. HP: 13/13 MP: 2/2
   292 | D:1      | Gained mutation: You regenerate a little health from kills.
                  | [demonic ancestry]
   292 | D:1      | Reached XP level 2. HP: 17/19 MP: 3/3
   502 | D:1      | Found a faded altar of an unknown god.
   654 | D:1      | Prayed at the altar of an unknown god.
   654 | D:1      | Became a worshipper of Jiyva Jothis the Shapeless
   654 | D:1      | Reached * piety under Jiyva
   694 | D:1      | Reached XP level 3. HP: 12/25 MP: 4/4
  1124 | D:2      | Reached skill level 1 in Fighting
  1250 | D:2      | Reached ** piety under Jiyva
  1555 | D:2      | Gained mutation: Your movements are slightly less
                  | encumbered by armour. (ER -2) [demonic ancestry]
  1555 | D:2      | Reached XP level 4. HP: 32/32 MP: 5/5
  2199 | D:3      | Reached skill level 1 in Conjurations
  2199 | D:3      | Gained mutation: You have large cloven feet. [demonic
                  | ancestry]
  2199 | D:3      | Reached XP level 5. HP: 39/39 MP: 6/6
  2462 | D:4      | Noticed an ogre
  2480 | D:4      | Killed an ogre
  2513 | D:4      | Noticed a phantom
  2555 | D:4      | Killed a phantom
  2556 | D:4      | Gained mutation: You have hoof-like feet. [demonic
                  | ancestry]
  2556 | D:4      | Reached XP level 6. HP: 21/47 MP: 7/7
  2602 | D:4      | Gained mutation: You are agile. (Dex +2) [potion of
                  | mutation]
  2602 | D:4      | Gained mutation: Your spells are a little harder to cast,
                  | but a little more powerful. [potion of mutation]
  2620 | D:4      | Found an ancient bone altar of Kikubaaqudgha.
  2622 | D:4      | Found a snail-covered altar of Cheibriados.
  2637 | D:4      | Found a burning altar of Makhleb.
  2664 | D:4      | Reached *** piety under Jiyva
  2695 | D:4      | Gained mutation: You are resistant to electric shocks.
                  | (rElec) [Jiyva's grace]
  2695 | D:4      | Gained mutation: You have hidden genetic potential.
                  | [Jiyva's grace]
  2695 | D:4      | Gained mutation: You have great hidden genetic potential.
                  | [Jiyva's grace]
  2695 | D:4      | Gained mutation: You are covered in slimy tendrils that may
                  | disarm your opponents. [Jiyva's grace]
  2746 | D:4      | Found a sparkling altar of Nemelex Xobeh.
  2801 | D:4      | Found a shimmering blue altar of Sif Muna.
  2878 | D:4      | Found a sand-covered staircase.
  2885 | Ossuary  | Entered an ossuary
  3124 | Ossuary  | Reached XP level 7. HP: 54/54 MP: 8/8
  3136 | Ossuary  | Reached skill level 5 in Dodging
  3467 | D:5      | Entered Level 5 of the Dungeon
  3488 | D:5      | Found a staircase to the Ecumenical Temple.
  3617 | D:5      | Gained mutation: Your mind is acute. (Int +2) [hidden
                  | potential]
  3653 | D:5      | Found an iron altar of Okawaru.
  3681 | D:5      | Noticed Grinder
  3708 | D:5      | Paralysed by Grinder for 3 turns
  3713 | D:5      | HP: 2/55 [phantom (5)]
  3727 | D:5      | Killed Grinder
  3728 | D:5      | Reached skill level 5 in Fighting
  3867 | D:5      | Killed Sigmund
  3937 | D:5      | Reached **** piety under Jiyva
  3939 | D:5      | Noticed Edmund
  3951 | D:5      | Killed Edmund
  3952 | D:5      | Gained mutation: Your movements are less encumbered by
                  | armour. (ER -4) [demonic ancestry]
  3952 | D:5      | Reached XP level 8. HP: 64/64 MP: 9/9
  4376 | D:6      | Noticed Menkaure
  4454 | D:6      | Gained mutation: Your movements are significantly less
                  | encumbered by armour. (ER -6) [hidden potential]
  4454 | D:6      | Lost mutation: You have great hidden genetic potential.
                  | [hidden potential expressed]
  4604 | D:6      | Noticed Eustachio
  4614 | D:6      | Killed Eustachio
  4682 | D:6      | Found a runed translucent door.
  4683 | D:6      | Noticed Crazy Yiuf
  4694 | D:6      | Killed Crazy Yiuf
  4792 | D:6      | Reached ***** piety under Jiyva
  4802 | D:6      | Killed Menkaure
  4985 | D:7      | Found a hazy altar of Hepliaklqana.
  5148 | D:7      | Lost mutation: Your spells are a little harder to cast, but
                  | a little more powerful. [Jiyva's grace]
  5148 | D:7      | Lost mutation: You have hidden genetic potential. [Jiyva's
                  | grace]
  5148 | D:7      | Lost mutation: Your movements are significantly less
                  | encumbered by armour. (ER -6) [Jiyva's grace]
  5148 | D:7      | Gained mutation: You have a pair of small antennae on your
                  | head. [Jiyva's grace]
  5148 | D:7      | Gained mutation: You have a pair of antennae on your head.
                  | [Jiyva's grace]
  5148 | D:7      | Gained mutation: You have a pair of large antennae on your
                  | head. (SInv) [Jiyva's grace]
  5148 | D:7      | Gained mutation: You have acidic saliva. [Jiyva's grace]
  5345 | D:7      | Reached skill level 2 in Armour
  5436 | D:7      | Reached XP level 9. HP: 73/74 MP: 10/10
  5998 | D:8      | Reached skill level 3 in Armour
  6426 | D:8      | Reached skill level 4 in Armour
  6439 | D:8      | Reached skill level 5 in Armour
  6459 | D:8      | Reached skill level 6 in Armour
  6803 | D:8      | Noticed a moth of wrath
  6808 | D:8      | Found a bloodstained altar of Trog.
  6911 | D:8      | Found an ornate altar of the Wu Jian Council.
  7035 | D:9      | Found a radiant altar of Vehumet.
  7079 | D:9      | Reached ****** piety under Jiyva
  7147 | D:9      | Found a burning altar of Makhleb.
  7240 | D:9      | Noticed a two-headed ogre
  7249 | D:9      | Reached skill level 7 in Armour
  7257 | D:9      | Reached XP level 10. HP: 78/80 MP: 11/11
  7261 | D:9      | Reached skill level 8 in Armour
  7272 | D:9      | Killed a two-headed ogre
  7291 | D:9      | Reached skill level 9 in Armour
  7313 | D:9      | Found a staircase to the Lair.
  7423 | D:9      | Found a basalt altar of Yredelemnul.
  7512 | D:9      | Reached skill level 10 in Armour
  7522 | D:9      | Gained mutation: Your mind is very acute. (Int +4) [Jiyva's
                  | grace]
  7522 | D:9      | Gained mutation: Your rubbery body absorbs attacks. (AC +1,
                  | EV +1) [Jiyva's grace]
  7522 | D:9      | Gained mutation: Your pliable body absorbs attacks. (AC +2,
                  | EV +2) [Jiyva's grace]
  7522 | D:9      | Gained mutation: Your gelatinous body deflects attacks. (AC
                  | +3, EV +3) [Jiyva's grace]
  7557 | D:9      | Reached skill level 1 in Long Blades
  7901 | D:10     | Entered Level 10 of the Dungeon
  7981 | D:10     | Reached XP level 11. HP: 86/86 MP: 12/12
  8039 | D:10     | Identified the +3 dagger "Cookie Cutter" {drain, rElec
                  | rPois Stlth-}
  8066 | D:10     | Found Xesaimy's Distillery.
  8075 | D:10     | Bought 2 potions of heal wounds for 150 gold pieces
  8075 | D:10     | Bought a potion of curing for 45 gold pieces
  8075 | D:10     | Bought a potion of curing for 45 gold pieces
  8075 | D:10     | Bought a potion of degeneration for 15 gold pieces
  8822 | Lair:1   | Entered Level 1 of the Lair of Beasts
  8822 | Lair:1   | Noticed Erica
  8856 | D:9      | Reached skill level 5 in Long Blades
  9027 | Lair:1   | Killed Erica
  9175 | Lair:1   | Lost mutation: Your mind is very acute. (Int +4) [Jiyva's
                  | grace]
  9175 | Lair:1   | Lost mutation: You have acidic saliva. [Jiyva's grace]
  9175 | Lair:1   | Lost mutation: Your gelatinous body deflects attacks. (AC
                  | +3, EV +3) [Jiyva's grace]
  9175 | Lair:1   | Gained mutation: Your gelatinous body deflects attacks. (AC
                  | +3, EV +3) [Jiyva's grace]
  9175 | Lair:1   | Gained mutation: You have very sharp teeth. [Jiyva's grace]
  9175 | Lair:1   | Gained mutation: You have extremely sharp teeth. [Jiyva's
                  | grace]
  9175 | Lair:1   | Gained mutation: You have razor-sharp teeth. [Jiyva's
                  | grace]
  9209 | Lair:1   | Noticed a four-headed hydra
  9219 | Lair:1   | Killed a one-headed hydra
  9520 | Lair:2   | Noticed a four-headed hydra
  9527 | Lair:2   | Killed a one-headed hydra
  9549 | Lair:2   | Noticed a six-headed hydra
  9563 | Lair:2   | Killed a one-headed hydra
  9605 | Lair:2   | Found a dark tunnel.
  9608 | Volcano  | Entered a volcano
  9760 | Volcano  | Found a bloodstained altar of Trog.
  9760 | Volcano  | Noticed a hell hog
  9771 | Volcano  | Killed a hell hog
  9772 | Volcano  | Gained mutation: You regenerate health from kills. [demonic
                  | ancestry]
  9772 | Volcano  | Reached XP level 12. HP: 40/92 MP: 13/13
  9844 | Volcano  | Noticed a fire dragon
  9853 | Volcano  | Killed a fire dragon
 10091 | Lair:2   | Found a staircase to the Snake Pit.
 10320 | Lair:2   | Demolished by a polar bear simulacrum

Illustrated notes

Levels and vault maps discovered:
D:1:      lightli_arrival_noodles, layout_basic,
          chequers_ecumenical_altar_simple_redux
D:2:      layout_loops_ring, minmay_fountain_box
D:3:      layout_loops_ring
D:4:      layout_cave_pools, lemuel_tele_altar, lemuel_doored_altar,
          gammafunk_temple_overflow_statue, mainiacjoe_overflow_alcove_2,
          kennysheep_mini, chequers_ossuary_entry_cave,
          kennysheep_generic_room_6
D:5:      layout_basic, zin_scriptorium, mainiacjoe_overflow_tiny_flanked,
          temple_pool_b, hangedman_abyss_or_decor_stabs, uniq_grinder,
          uniq_edmund, uniq_sigmund
D:6:      layout_cave_pools, uniq_menkaure, uniq_eustachio,
          uniq_crazy_yiuf_cottage
D:7:      layout_gridville, mainiacjoe_overflow_brackets
D:8:      layout_basic, nicolae_wu_jian_immortal_techniques, tgw_trog,
          serial_corexii_hall, corexii_hall_statues_u,
          chequers_hall_statues_wall_a
D:9:      layout_loops_ring, mainiacjoe_overflow_alcove_4,
          minmay_lair_entry_grove, hangedman_feature_mirror, minivault_25,
          minmay_gold_behind_fungi, kennysheep_generic_room_14
D:10:     layout_basic, serial_shops, nicolae_shop_statue_plus,
          grunt_ministairs_12
Lair:1:   layout_big_grid, st_stairs_13, infiniplex_staircase_pool,
          serial_bayou_shore_b, grunt_megastairs_2, uniq_erica
Lair:2:   layout_chaotic_city, guppyfry_snake_entry_island,
          nicolae_volcano_entry_lava_flow, eino_house_with_fridge

Skill      XL: |  1  2  3  4  5  6  7  8  9 10 11 12 |
---------------+-------------------------------------+-----
Dodging        | 2 3 4 6 7 8 |  8.6
Fighting       | 1 2 3 4 5 8 |  8.0
Conjurations   | 1 2 3 |  3.0
Air Magic      | 2 3 4 |  4.0
Armour         | 2 7 10 | 10.5
Long Blades    | 3 8 9 |  9.6
Polearms       | |  1.7
Slings         | |  0.9
Shields        | |  0.1
Spellcasting   | |  1.0
Evocations     | |  4.0

Action                   |  1- 3 |  4- 6 |  7- 9 | 10-12 || total
-------------------------+-------+-------+-------+-------++-------
Melee: Spear             |   145 |   100 |       |       ||   245
       Punch             |     1 |     4 |     8 |    15 ||    28
       Dagger            |       |   221 |   446 |   109 ||   776
       Kick              |       |    71 |   171 |   259 ||   501
       Bite              |       |       |    37 |   103 ||   140
       Long sword        |       |       |       |   411 ||   411
       Scimitar          |       |       |       |    98 ||    98
 Cast: Shock             |       |     1 |       |     1 ||     2
Invok: Oozemancy         |       |       |       |     3 ||     3
Evoke: Piece from Xom's  |       |     3 |       |       ||     3
       Wand              |       |       |     6 |    25 ||    31
  Use: Potion            |     1 |     8 |     6 |     6 ||    21
       Scroll            |       |     4 |     7 |     4 ||    15
 Stab: Sleeping          |       |     3 |     3 |       ||     6
       Confused          |       |     3 |       |       ||     3
       Invisible         |       |       |     2 |       ||     2
       Distracted        |       |       |       |     1 ||     1
Armor: Robe              |     5 |       |       |       ||     5
       Leather armour    |    18 |    63 |    58 |       ||   139
       Ring mail         |       |       |    40 |   271 ||   311
       Fire dragon scale |       |       |       |    11 ||    11
Dodge: Dodged            |    57 |   212 |   309 |   682 ||  1260
Block: Kite shield       |       |       |       |    11 ||    11
